 Dungeon Crawl Stone Soup version 0.31-a0-1059-g83d41fd8b6 (webtiles) character file.

Game seed: 12793866362080043543

77 Gynju the Shooter (level 4, -1/38 HPs)
             Began as a Minotaur Hunter on Nov 21, 2023.
             Was a Follower of Qazlal.
             Succumbed to Crazy Yiuf's poison
             ... on level 2 of the Dungeon.
             The game lasted 00:01:13 (1377 turns).

Gynju the Shooter (Minotaur Hunter)                 Turns: 1377, Time: 00:01:13

Health: -1/38      AC:  4    Str: 16    XL:     4   Next: 13%
Magic:  3/3        EV: 12    Int:  6    God:    Qazlal [*.....]
Gold:   106        SH:  2    Dex: 15    Spells: 3/3 levels left

rFire   . . .        a - +0 shortbow
rCold   . . .        (shield currently unavailable)
rNeg    . . .        c - +0 leather armour
rPois   .            (helmet restricted)
rElec   .            (no cloak)
rCorr   .            j - +0 pair of gloves
SInv    .            (no boots)
Will    .....        (no amulet)
Stlth   +            (no ring)
HPRegen 0.26/turn    (no ring)
MPRegen 0.08/turn

%: no passive effects
@: lethally poisoned (-1 -> -11)
A: horns 2, retaliatory headbutt
a: Renounce Religion


You were on level 2 of the Dungeon.
You worshipped Qazlal.
Qazlal was aware of your devotion.
You visited 1 branch of the dungeon, and saw 2 of its levels.

You collected 106 gold pieces.

Inventory:

Hand Weapons
 a - a +0 shortbow (weapon)
Armour
 c - a +0 leather armour (worn)
 j - a +0 pair of gloves (worn)
Scrolls
 b - a scroll of butterflies
 d - 3 scrolls of fear {unknown}
 h - a scroll of enchant weapon {unknown}
 i - a scroll of immolation {unknown}
 l - a scroll of poison {unknown}
 m - a scroll of identify {unknown}
Potions
 e - a potion of enlightenment {unknown}
 f - 3 potions of heal wounds {unknown}
 g - 2 potions of curing {unknown}
 k - a potion of attraction {unknown}


   Skills:
 + Level 3.4 Fighting
 * Level 5.4 Ranged Weapons
 + Level 3.0 Dodging
 - Level 0.7 Stealth


You had 3 spell levels left.
You didn't know any spells.
Your spell library was empty.

Dungeon Overview and Level Annotations

Branches:
Dungeon (2/15)

Altars:
Qazlal

Annotations:
D:2 Crazy Yiuf


Innate Abilities, Weirdness & Mutations

You have a pair of horns on your head.
You reflexively headbutt those who attack you in melee.


Message History

A goblin is nearby!
A goblin is nearby!
You shoot an arrow. The arrow hits the goblin.
The goblin is severely wounded.
A goblin is nearby!
A goblin is nearby!
A goblin is nearby!
You shoot an arrow. The arrow hits the goblin.
You kill the goblin!
Qazlal accepts your kill.
You see here a +0 club.
You see here an adder corpse.
There is a stone staircase leading down here.
Found a runed translucent door.
Crazy Yiuf shouts!
There is a stone staircase leading up, spattered with blood here.
Key pressed, stopping explore.
No reachable target in view!
Could not explore, unopened runed door.
Could not explore, unopened runed door.
You open the door.
Crazy Yiuf shouts!
You shoot an arrow. The arrow barely misses Crazy Yiuf.
You shoot an arrow. The arrow hits Crazy Yiuf!
Crazy Yiuf is moderately wounded.
You shoot an arrow.
The arrow hits Crazy Yiuf but does no damage.
Crazy Yiuf is moderately wounded.
Crazy Yiuf hits you with a +4 quarterstaff of chaos!
You suddenly lose the ability to move!
Crazy Yiuf hits you with a +4 quarterstaff of chaos!
You are poisoned.
You feel very sick.
Crazy Yiuf hits you with a +4 quarterstaff of chaos!
* * * LOW HITPOINT WARNING * * *
Crazy Yiuf freezes you.
* * * LOW HITPOINT WARNING * * *
You can move again.
You shoot an arrow. The arrow closely misses Crazy Yiuf.
You die...

###.# #.#
#)......# #...#
#.# ###..####
#.#.# #.# ##.#
#.### ### #.# #.#
### #.# ##.# #.#
#.# #..#### ###
#.###.# #...#.##
###..)# #.....#
##
#......####@g...#
####### #.
##......#..##...#
#########.
##.#..#.### ###
#.........
########
#########. #. ##


You could see Crazy Yiuf.

Vanquished Creatures
  2 adders (D:2)
  A gnoll (D:1)
  A worm (D:2)
  2 dart slugs
  5 endoplasms
  2 giant cockroaches (D:2)
  3 goblins
  5 hobgoblins
  7 jackals (D:2)
  3 kobolds (D:1)
  A ball python (D:2)
  3 bats (D:1)
  2 rats (D:2)
37 creatures vanquished.

Notes
Turn   | Place    | Note
-------+----------+-------------------------------------------
     0 | D:1      | Gynju the Minotaur Hunter began the quest for the Orb.
     0 | D:1      | Reached XP level 1. HP: 18/18 MP: 0/0
   284 | D:1      | Reached XP level 2. HP: 25/25 MP: 1/1
   603 | D:2      | Reached skill level 5 in Ranged Weapons
   603 | D:2      | Reached XP level 3. HP: 31/31 MP: 2/2
   610 | D:2      | Found a faded altar of an unknown god.
   633 | D:2      | Prayed at the altar of an unknown god.
   633 | D:2      | Became a worshipper of Qazlal Stormbringer
   633 | D:2      | Reached * piety under Qazlal
  1106 | D:2      | Reached XP level 4. HP: 38/38 MP: 3/3
  1227 | D:2      | Found a runed translucent door.
  1228 | D:2      | Noticed Crazy Yiuf
  1374 | D:2      | Paralysed by Crazy Yiuf for 3 turns
  1376 | D:2      | HP: 1/38 [Crazy Yiuf/+4 quarterstaff of chaos (4)]
  1377 | D:2      | Succumbed to Crazy Yiuf's poison

Illustrated notes

Levels and vault maps discovered:
D:1:      moated_graveyard_arrival, layout_basic
D:2:      layout_loops_ring, chequers_ecumenical_altar_simple_redux,
          minmay_splitting_lines, nrook_mini_vaults, feat_on_display,
          uniq_crazy_yiuf_cottage

Skill      XL: |  1  2  3 |
---------------+----------+-----
Fighting       | 3 |  3.4
Ranged Weapons | 5 |  5.4
Dodging        | 3 |  3.0
Stealth        | |  0.7

Action                     |  1- 3 |  4- 6 || total
---------------------------+-------+-------++-------
   Fire: Shortbow          |    88 |     6 ||    94
 Armour: Leather armour    |    10 |     3 ||    13
  Dodge: Dodged            |     7 |       ||     7

Table legend: (Time is in decaauts)
 A = Elapsed time spent in this place.
 B = Non-inter-level travel time spent in this place.
 C = Inter-level travel time spent in this place.
 D = Time resting spent in this place.
 E = Time spent auto-exploring this place.
 F = Levels seen in this place.
 G = Mean time per level.
                   A        B        C        D        E       F      G
               +--------+--------+--------+--------+--------+-----+--------+
         Total |   1394 |   1354 |     40 |      0 |   1170 |   2 |  697.0 |
       Dungeon |   1394 |   1354 |     40 |      0 |   1170 |   2 |  697.0 |
               +--------+--------+--------+--------+--------+-----+--------+

Top non-repeatable levels by time:
     D:2: 887 daAuts
     D:1: 506 daAuts
